[Event "January 9 Early 2024"]
[Site "https://www.chess.com"]
[Date "2024.01.11"]
[Round "3"]
[White "Yushko, Olga"]
[Black "Matthes, Aaron"]
[Result "0-1"]
[Board "310"]
[TimeControl "180+1"]
[WhiteFideId "14114500"]
[BlackFideId "16227310"]
[WhiteElo "2122"]
[BlackElo "2378"]
[WhiteTeam "UKR"]
[BlackTeam "GER"]
[WhiteClock "0:00:08"]
[BlackClock "0:00:09"]

1. d4 Nf6 2. c4 b6 3. Nc3 Bb7 4. Nf3 Ne4 5. Bg5 Nxg5 6. Nxg5 e5 7. Nf3 exd4 8. Qxd4 Nc6 9. Qg4 h5 10. Qg3 g6 11. Ne5 Bg7 12. Nxg6 fxg6 13. Qxg6+ Kf8 14. e3 Qf6 15. Qd3 Ne5 16. Qd2 Re8 17. O-O-O Ng4 18. Bd3 Kg8 19. Bb1 d6 20. Nd5 Bxd5 21. Qxd5+ Qf7 22. Rdf1 Qxd5 23. cxd5 Rh6 24. h3 Ne5 25. Bf5 Rf6 26. Be6+ Kh8 27. b3 Nd3+ 28. Kd2 Nxf2 29. Rhg1 Ne4+ 30. Kd3 Nc5+ 31. Kc4 Rxf1 32. Rxf1 Nxe6 33. dxe6 Rxe6 34. Rf7 Re4+ 35. Kd5 Re5+ 36. Kc6 Rc5+ 37. Kb7 a5 38. Rxc7 Rxc7+ 39. Kxc7 Bc3 40. Kxd6 Kg7 41. Ke6 Kg6 42. e4 Kg5 43. g4 h4 44. Kd5 Kf4 45. Kc6 Bd4 46. Kd5 Bc5 47. a4 Kg3 48. e5 Kxh3 49. g5 Kg4 50. g6 Bf8 51. e6 h3 52. g7 Bxg7 53. e7 h2 54. e8=Q h1=Q+ 55. Kc4 Qc1+ 56. Kb5 Qc5+ 57. Ka6 Bd4 58. Qe4+ Kg5 59. Qg2+ Kf5 60. Qf3+ Ke6 61. Qe4+ Be5 62. Qg6+ Kd5 63. Qf7+ Kd4 64. Qg8 Kc3 65. Qe6 Kb2 66. Qg8 Ka3 67. Qf7 Qc3 68. Qe6 Qxb3 69. Qxb3+ Kxb3 70. Kxb6 Bc3 71. Kc5 Kxa4 72. Kc4 Bb4 73. Kd3 Kb3 0-1

[Event "January 9 Early 2024"]
[Site "https://www.chess.com"]
[Date "2024.01.11"]
[Round "3"]
[White "Lima, Artur Tin Lun Dai"]
[Black "Estrada Nieto, Julian"]
[Result "0-1"]
[Board "311"]
[TimeControl "180+1"]
[WhiteFideId "22773150"]
[BlackFideId "5101018"]
[WhiteElo "2376"]
[BlackElo "2598"]
[WhiteTeam "BRA"]
[BlackTeam "ESP"]
[WhiteClock "0:00:03"]
[BlackClock "0:00:15"]

1. e4 e5 2. Nf3 Nc6 3. Bc4 Bc5 4. d3 Nf6 5. Nc3 d6 6. Na4 Bb6 7. a3 O-O 8. O-O Be6 9. Bxe6 fxe6 10. c3 Qe8 11. b4 Nh5 12. d4 exd4 13. cxd4 Rxf3 14. Nxb6 axb6 15. Qxf3 Nxd4 16. Qd3 e5 17. Be3 Ne6 18. Rac1 Kh8 19. f3 Nhf4 20. Qb3 Ne2+ 21. Kh1 Nxc1 22. Rxc1 Qd7 23. b5 Nc5 24. Bxc5 bxc5 25. a4 b6 26. h3 h6 27. Qc4 Qe8 28. Rf1 Qg8 29. Qc2 Qe6 30. f4 exf4 31. Rxf4 Kg8 32. Rg4 Rf8 33. Qc3 Qf6 34. Qc4+ Kh8 35. Qd5 Qd4 36. Qe6 Rf1+ 37. Kh2 Qe5+ 38. Qxe5 dxe5 39. Rg6 Rf6 40. Rg3 Rf4 41. Rd3 Rxe4 42. Rd7 Rxa4 43. Rxc7 Rb4 44. Re7 e4 45. Kg3 Rxb5 46. Kf4 Rb2 47. Kf5 Rxg2 48. Rxe4 Kh7 49. Re7 Rb2 50. Rc7 Rb3 51. h4 Rb4 52. h5 Rh4 53. Rc6 Rxh5+ 54. Kf4 Rh4+ 55. Kg3 Rb4 56. Kf3 c4 57. Ke3 Rb3+ 58. Kd4 b5 59. Rc5 Rb1 60. Kc3 Kg6 61. Rd5 h5 62. Rd6+ Kh7 63. Rd5 g6 64. Rd7+ Kh6 65. Rd8 h4 66. Rh8+ Kg5 67. Rh7 Kg4 68. Rg7 g5 69. Kc2 Rb3 70. Rd7 h3 71. Rd2 Kg3 72. Rd1 g4 73. Rg1+ Kh4 74. Rh1 g3 75. Rd1 h2 76. Rd4+ Kh3 77. Rd1 g2 78. Re1 h1=Q 79. Ra1 Rc3+ 80. Kb2 Qxa1+ 81. Kxa1 g1=Q+ 82. Ka2 Qg2+ 83. Kb1 Rb3+ 0-1

[Event "January 9 Early 2024"]
[Site "https://www.chess.com"]
[Date "2024.01.11"]
[Round "3"]
[White "Iljin, Timofey"]
[Black "Antunez Soler, Luis"]
[Result "1-0"]
[Board "312"]
[TimeControl "180+1"]
[WhiteFideId "14110180"]
[BlackFideId "3513335"]
[WhiteElo "2542"]
[BlackElo "2598"]
[WhiteTeam "UKR"]
[BlackTeam "CUB"]
[WhiteClock "0:00:08"]
[BlackClock "0:00:10"]

1. e4 e6 2. d4 d5 3. Nd2 Be7 4. c3 c5 5. Ngf3 Nf6 6. Bd3 Nc6 7. O-O cxd4 8. cxd4 dxe4 9. Nxe4 O-O 10. Nc3 Nb4 11. Bb1 b6 12. a3 Nbd5 13. Qd3 Nxc3 14. bxc3 Bb7 15. Bg5 Be4 16. Qe2 Bxb1 17. Raxb1 Rc8 18. c4 Bxa3 19. Ra1 Qe7 20. Ne5 Rfd8 21. Qf3 Bb2 22. Ra2 Bxd4 23. Nc6 Rxc6 24. Qxc6 h6 25. Bh4 Kh7 26. Rd2 e5 27. Rfd1 Qe6 28. Qxe6 fxe6 29. Kh1 Rc8 30. f4 Ne4 31. Rc2 g5 32. fxg5 hxg5 33. Be1 Kg6 34. Re2 Rf8 35. Bb4 Nc5 36. Rde1 a5 37. Ba3 Rf4 38. h3 Nd3 39. Rb1 Nf2+ 40. Kh2 Nd3 41. Rd1 e4 42. Bc1 Rf5 43. Be3 Be5+ 44. Kg1 Bc7 45. Rb1 Nf4 46. Rf2 Bd6 47. Bxb6 Be5 48. Rff1 Ne2+ 49. Kh1 Ng3+ 50. Kg1 Rxf1+ 51. Rxf1 Nxf1 52. Kxf1 a4 53. Bc5 Kf5 54. Ba3 g4 55. Ke2 g3 56. Ke3 Bf4+ 57. Ke2 Ke5 58. Bb2+ Kd6 59. Ba3+ Kc6 60. h4 e5 61. h5 Kb6 62. Bf8 Kc6 63. h6 Bg5 64. Bg7 Bxh6 65. Bxh6 Kc5 66. Bc1 Kxc4 67. Ke3 Kb3 68. Kxe4 Kc2 69. Ba3 Kb3 70. Bf8 a3 71. Bxa3 Kxa3 72. Kxe5 Kb3 73. Kf4 Kc3 74. Kxg3 Kd4 75. Kh4 Ke5 76. g4 Kf6 77. Kh5 Kg7 78. Kg5 Kg8 79. Kg6 Kh8 80. Kf7 1-0

[Event "January 9 Early 2024"]
[Site "https://www.chess.com"]
[Date "2024.01.11"]
[Round "3"]
[White "Drozdowski, Kacper"]
[Black "Halkias, Stelios"]
[Result "1-0"]
[Board "313"]
[TimeControl "180+1"]
[WhiteFideId "1136720"]
[BlackFideId "4201809"]
[WhiteElo "2977"]
[BlackElo "2726"]
[WhiteTeam "POL"]
[BlackTeam "GRE"]
[WhiteClock "0:00:07"]
[BlackClock "0:00:08"]

1. e4 e5 2. Nf3 Nc6 3. Bc4 Nf6 4. d3 Bc5 5. c3 d6 6. Bb3 h6 7. h3 a5 8. Nbd2 Ba7 9. Nf1 Be6 10. Ng3 O-O 11. Nh2 Qd7 12. Qf3 Bxb3 13. axb3 Qe6 14. Ng4 Nxg4 15. hxg4 f6 16. Nf5 Ne7 17. Nxg7 Kxg7 18. Bxh6+ Kf7 19. Bxf8 Rxf8 20. Rxa5 Bb6 21. Ra3 Ng6 22. g3 Kg7 23. Qf5 Qxf5 24. gxf5 Ne7 25. Ke2 d5 26. b4 c6 27. Rha1 Rh8 28. Ra8 Nc8 29. Rb8 Nd6 30. Rxh8 Kxh8 31. f3 Kg7 32. Ra8 Kf7 33. g4 Kg7 34. Ra1 Kf7 35. Rh1 Kg7 36. Rh5 Nf7 37. b5 dxe4 38. fxe4 cxb5 39. Rh1 Ng5 40. Ra1 Nh3 41. Ra8 Nf4+ 42. Kd2 Kh6 43. Rb8 Kg5 44. Rxb7 Bf2 45. Rg7+ Kh4 46. Rg8 Bg1 47. b4 Bf2 48. Rb8 Kxg4 49. Rxb5 Kf3 50. Rb8 Be3+ 51. Kc2 Ng2 52. Rd8 Ke2 53. Kb3 Ne1 54. Kc4 Nf3 55. Rd6 Nd2+ 56. Kb5 Nb1 57. Rxf6 Kxd3 58. Rd6+ Kxc3 59. f6 Na3+ 60. Ka4 Nc4 61. f7 Nxd6 62. f8=Q Nxe4 63. Qc8+ Kd3 64. Qd7+ Bd4 65. Qh3+ Be3 66. Qf1+ Kd2 67. Kb3 Bd4 68. Kc4 Nf2 69. b5 Ke3 70. Qe1+ Kf3 71. Kd5 Bb6 72. Qc3+ Be3 73. Qxe5 Nd3 74. Qe4+ Ke2 75. Qg2+ Nf2 76. Kc6 Kd3 77. b6 Ne4 78. b7 Nc3 79. b8=Q Ne2 80. Qg6+ Kd2 81. Qb2+ Ke1 82. Qgb1+ Kf2 83. Qd3 Kf3 84. Qbxe2+ Kf4 85. Qexe3+ 1-0

[Event "January 9 Early 2024"]
[Site "https://www.chess.com"]
[Date "2024.01.11"]
[Round "3"]
[White "Mohammadi, Melika"]
[Black "Srihari L R"]
[Result "0-1"]
[Board "314"]
[TimeControl "180+1"]
[WhiteFideId "42529271"]
[BlackFideId "46617116"]
[WhiteElo "2465"]
[BlackElo "2677"]
[WhiteTeam "IRI"]
[BlackTeam "IND"]
[WhiteClock "0:00:02"]
[BlackClock "0:00:08"]

1. e4 d6 2. d4 Nf6 3. Nc3 e5 4. Nf3 Nbd7 5. Bc4 Be7 6. a4 O-O 7. a5 c6 8. O-O Qc7 9. Bb3 h6 10. h3 Re8 11. Re1 Nf8 12. Nh4 Be6 13. Bxe6 Nxe6 14. Nf5 Nxd4 15. Nxd4 exd4 16. Qxd4 Nd7 17. Bf4 a6 18. Qd3 Ne5 19. Qg3 Ng6 20. Be3 Bf6 21. Bb6 Qd7 22. Rad1 Re6 23. Bd4 Bxd4 24. Rxd4 Qc7 25. b4 Re5 26. Red1 Rd8 27. Qd3 Re6 28. Qd2 Qe7 29. f4 Nf8 30. e5 d5 31. Ne4 f6 32. exf6 gxf6 33. Nc5 Re2 34. Qd3 Re8 35. Qg3+ Kh7 36. f5 Nd7 37. Ne6 Rg8 38. Rg4 Qf7 39. c3 Ne5 40. Rxg8 Qxg8 41. Qxg8+ Kxg8 42. Nc5 Rc2 43. Nxb7 Rxc3 44. Nc5 Kf7 45. Nxa6 Nd3 46. Nc5 Nxb4 47. Nb7 Ke7 48. Rb1 Na6 49. Rb6 Nc7 50. a6 Kd7 51. a7 Ra3 52. Nc5+ Kd6 53. Rb7 Kxc5 54. Rxc7 Kb6 55. Rf7 Rxa7 56. Rxf6 Kc5 57. Rxh6 d4 58. Rh8 Kc4 59. Rd8 c5 60. f6 Rf7 61. Rd6 Kd3 62. g4 c4 63. g5 c3 64. h4 c2 65. Rc6 Kd2 66. Kf2 d3 67. h5 c1=Q 68. Rxc1 Kxc1 69. Ke3 d2 70. g6 Rxf6 71. g7 d1=Q 72. g8=Q Qe1+ 73. Kd4 Rf4+ 74. Kc5 Qe5+ 75. Qd5 Qxd5+ 76. Kxd5 Rf5+ 0-1

[Event "January 9 Early 2024"]
[Site "https://www.chess.com"]
[Date "2024.01.11"]
[Round "3"]
[White "Mahdavi, Reza"]
[Black "Gubajdullin, Alexei"]
[Result "1-0"]
[Board "315"]
[TimeControl "180+1"]
[WhiteFideId "12595926"]
[BlackFideId "4141202"]
[WhiteElo "2873"]
[BlackElo "2626"]
[WhiteTeam "IRI"]
[BlackTeam "RUS"]
[WhiteClock "0:00:02"]
[BlackClock "0:00:01"]

1. e4 c5 2. Nf3 g6 3. d4 Bg7 4. dxc5 Qa5+ 5. c3 Qxc5 6. Na3 d6 7. Be3 Qa5 8. e5 Bxe5 9. Nxe5 dxe5 10. Nb5 Bd7 11. Qd5 Nc6 12. b4 Qd8 13. Bc4 Be6 14. Qxd8+ Kxd8 15. O-O-O+ Kc8 16. Bxe6+ fxe6 17. Na3 Nf6 18. Nc4 Nd5 19. b5 Nb8 20. Nxe5 Nxc3 21. Rd3 Nxb5 22. Kb2 Nc6 23. Rc1 Nc7 24. Nxc6 bxc6 25. Rxc6 Rb8+ 26. Kc2 Kb7 27. Rc4 Nd5 28. Ra4 a6 29. Rb3+ Kc7 30. Bd4 Rxb3 31. axb3 Rc8 32. Kd3 Kb7 33. g3 Rc1 34. Bb2 Rb1 35. Kc2 Rh1 36. h4 Rf1 37. Bd4 Re1 38. Kd2 Rb1 39. Kc2 Re1 40. Kd3 Rb1 41. Ra3 Rd1+ 42. Ke4 Re1+ 43. Kf3 Rd1 44. Bg7 Rd3+ 45. Ke2 Nb4 46. Bf8 Rd7 47. Ra4 Nd5 48. Bg7 Rd8 49. Re4 Nc7 50. Be5 Rb8 51. Bf4 Kc6 52. Rc4+ Kd5 53. Rxc7 Rxb3 54. Rxe7 a5 55. Rxh7 a4 56. Ra7 a3 57. Bc1 Ke4 58. Rxa3 Rb1 59. Ra4+ Kf5 60. Bd2 e5 61. Ra5 Rb3 62. Be3 Ke4 63. f3+ Kf5 64. g4+ Ke6 65. Bf2 Rb2+ 66. Kf1 Rb1+ 67. Kg2 Rb2 68. Kg3 Rb3 69. h5 gxh5 70. gxh5 e4 71. h6 Rxf3+ 72. Kg2 Kf7 73. Rg5 Rf6 74. Rg7+ Kf8 75. Be3 1-0

[Event "January 9 Early 2024"]
[Site "https://www.chess.com"]
[Date "2024.01.11"]
[Round "3"]
[White "Bolat, Inayat"]
[Black "Mirzoev, Azer"]
[Result "0-1"]
[Board "316"]
[TimeControl "180+1"]
[WhiteFideId "13733125"]
[BlackFideId "13400304"]
[WhiteElo "2432"]
[BlackElo "2633"]
[WhiteTeam "KAZ"]
[BlackTeam "AZE"]
[WhiteClock "0:00:09"]
[BlackClock "0:00:13"]

1. e4 c6 2. d4 d5 3. f3 e6 4. Nc3 Qb6 5. e5 c5 6. dxc5 Bxc5 7. Na4 Qa5+ 8. c3 Bxg1 9. Rxg1 Bd7 10. b3 Bxa4 11. bxa4 Qxc3+ 12. Bd2 Qxe5+ 13. Be2 Qxh2 14. Kf1 Nf6 15. Bc3 Nbd7 16. Bxf6 Nxf6 17. Bb5+ Kf8 18. Rc1 h5 19. Qd4 Kg8 20. Bd3 b6 21. Qc3 Rf8 22. a5 Qf4 23. axb6 axb6 24. Rb1 h4 25. Bc2 h3 26. g3 Qd6 27. Kf2 h2 28. Rh1 Rh3 29. f4 Ng4+ 30. Kg2 Rh6 31. Qd3 Nf6 32. Bd1 Ne4 33. Rxh2 Rxh2+ 34. Kxh2 Nf2 35. Qf3 Nxd1 36. Rxd1 Ra8 37. Rd2 g6 38. Kh3 Qc5 39. Qd3 Qc4 40. Qe3 Qe4 41. Qf2 Qh1+ 42. Qh2 Qxh2+ 43. Kxh2 Ra3 44. Kg2 Kg7 45. Rb2 Kf6 46. Rxb6 Rxa2+ 47. Kf3 Ra3+ 48. Kf2 g5 49. Rb7 g4 50. Kg2 Kg6 51. Kf2 Ra2+ 52. Ke3 Rg2 53. Kd4 Rxg3 54. Ke5 Re3+ 55. Kd6 Re4 56. Rb8 Rxf4 57. Rg8+ Kf5 58. Rg7 Ke4 59. Kc5 Kf3 60. Kd6 g3 61. Ke5 Rf5+ 62. Kd4 g2 63. Kd3 Rf4 64. Kd2 Rg4 65. Rxf7+ Kg3 66. Rb7 g1=Q 67. Rb3+ Kg2 68. Kc3 Qe3+ 69. Kb2 Qd2+ 70. Ka3 Qa5+ 71. Kb2 Rb4 72. Rxb4 Qxb4+ 73. Ka1 e5 74. Ka2 e4 75. Ka1 e3 76. Ka2 Kf2 77. Ka1 e2 78. Ka2 Ke3 79. Ka1 e1=Q+ 80. Ka2 Qed2+ 81. Ka1 Qdb2# 0-1

[Event "January 9 Early 2024"]
[Site "https://www.chess.com"]
[Date "2024.01.11"]
[Round "3"]
[White "Iskusnyh, Sergei"]
[Black "Kubicka, Anna"]
[Result "1-0"]
[Board "317"]
[TimeControl "180+1"]
[WhiteFideId "4120027"]
[BlackFideId "1152254"]
[WhiteElo "2658"]
[BlackElo "2449"]
[WhiteTeam "RUS"]
[BlackTeam "POL"]
[WhiteClock "0:00:13"]
[BlackClock "0:00:08"]

1. d4 Nf6 2. c4 c5 3. d5 e6 4. Nc3 exd5 5. cxd5 d6 6. Nf3 g6 7. Nd2 Nbd7 8. e4 Bg7 9. Be2 a6 10. a4 O-O 11. O-O Re8 12. a5 b5 13. axb6 Nxb6 14. h3 Bb7 15. Re1 Qc7 16. Qc2 c4 17. Bf1 Nfxd5 18. Nxd5 Nxd5 19. Qxc4 Qxc4 20. Nxc4 Nb4 21. Nxd6 Re7 22. Bg5 Rd7 23. Nxb7 Rxb7 24. Rab1 Nc2 25. Rec1 Nd4 26. Bc4 h6 27. Be3 Rab8 28. Bd5 Ne2+ 29. Kf1 Nxc1 30. Bxb7 Rxb7 31. Bxc1 Rb4 32. f3 a5 33. Ra1 Bxb2 34. Bxb2 Rxb2 35. Rxa5 Kg7 36. Kg1 g5 37. Ra6 f6 38. Kh2 h5 39. h4 Re2 40. hxg5 fxg5 41. Kg3 Re1 42. Kf2 Rb1 43. Rd6 Rb2+ 44. Kg3 Re2 45. Rc6 Re1 46. Rc2 Re3 47. Kf2 Ra3 48. Ke2 Rb3 49. Rd2 Ra3 50. Rb2 Rc3 51. Rb5 Kg6 52. Kf2 Rc2+ 53. Kg3 Re2 54. Rb6+ Kg7 55. Rc6 Re1 56. Kh3 Re2 57. Rc3 Re1 58. g3 Re2 59. Rd3 Re1 60. Kg2 Re2+ 61. Kf1 Ra2 62. Re3 Kf6 63. Re2 Ra1+ 64. Kf2 Ke5 65. Rb2 Ra5 66. Rd2 Rb5 67. Ke3 Rb3+ 68. Rd3 Rb2 69. f4+ gxf4+ 70. gxf4+ Kf6 71. Rd6+ Ke7 72. Rh6 Rh2 73. f5 h4 74. Kf4 Kf7 75. Kg5 Re2 76. Rxh4 Kg7 77. Kf4 Rf2+ 78. Ke5 Rg2 79. Rh1 Kf7 80. Ra1 Rb2 81. Ra7+ Ke8 82. Kf6 Rb6+ 83. Kg5 Rb2 84. e5 Rh2 85. e6 Rh1 86. f6 Rd1 87. Ra8+ Rd8 88. f7+ Ke7 89. Rxd8 1-0

[Event "January 9 Early 2024"]
[Site "https://www.chess.com"]
[Date "2024.01.11"]
[Round "3"]
[White "Vincenti, Leonardo"]
[Black "Rees, Ioan"]
[Result "1-0"]
[Board "318"]
[TimeControl "180+1"]
[WhiteFideId "28550820"]
[BlackFideId "1801236"]
[WhiteElo "2197"]
[BlackElo "2389"]
[WhiteTeam "ITA"]
[BlackTeam "WLS"]
[WhiteClock "0:00:07"]
[BlackClock "0:00:06"]

1. e4 c6 2. d4 d5 3. e5 Bf5 4. h4 h6 5. g4 Be4 6. f3 Bh7 7. Be3 e6 8. c4 Ne7 9. Nc3 Nd7 10. Qb3 dxc4 11. Bxc4 Nb6 12. Be2 Ned5 13. Nxd5 Nxd5 14. Bd2 Qb6 15. Qxb6 axb6 16. Bc3 Bb4 17. Bxb4 Nxb4 18. Kd2 Rxa2 19. Rxa2 Nxa2 20. Nh3 O-O 21. Ra1 Nb4 22. Ra7 Rb8 23. Nf4 b5 24. Nd3 Bxd3 25. Bxd3 Kf8 26. Be4 Ke8 27. Kc3 Nd5+ 28. Bxd5 exd5 29. Kb4 Kd7 30. f4 Kc7 31. Kc5 Re8 32. f5 g6 33. f6 g5 34. h5 Rd8 35. Ra1 Re8 36. Ra7 Re6 37. Ra1 b6+ 38. Kb4 Kb7 39. Re1 Kc7 40. Re3 Re8 41. Ra3 Kb7 42. Re3 Kc7 43. Ra3 Kb8 44. Re3 Kb7 45. b3 Kc7 46. Re2 Ra8 47. e6 fxe6 48. Rxe6 Kd7 49. Re7+ Kd6 50. Rh7 c5+ 51. Kc3 b4+ 52. Kd3 Ra3 53. Rxh6 Rxb3+ 54. Kd2 Rf3 55. f7+ Ke7 56. Rxb6 cxd4 57. Rxb4 Rf4 58. Rb7+ Ke6 59. h6 Rxf7 60. Rb6+ Ke5 61. Rg6 Rh7 62. Rxg5+ Ke4 63. Rg6 Ra7 64. Re6+ Kf4 65. Rg6 Ke4 66. Rg7 Ra2+ 67. Kc1 Rh2 68. h7 Kd3 69. Rd7 Kc3 70. Rc7+ Kd3 71. g5 Rh1+ 72. Kb2 Ke2 73. g6 d3 74. Re7+ Kf3 75. Kc3 d2 76. Kxd2 Kf4 77. Re8 Kf5 78. h8=Q Rxh8 79. Rxh8 Kxg6 80. Rd8 Kf5 81. Rxd5+ Ke6 82. Rd3 Ke5 83. Re3+ Kd4 84. Rd3+ Kc4 85. Kc2 Kc5 86. Kc3 1-0

[Event "January 9 Early 2024"]
[Site "https://www.chess.com"]
[Date "2024.01.11"]
[Round "3"]
[White "Sierra Vallina, Lionel"]
[Black "Mrithyunjay Mahadevan"]
[Result "1/2-1/2"]
[Board "319"]
[TimeControl "180+1"]
[WhiteFideId "54559774"]
[BlackFideId "45003521"]
[WhiteElo "2612"]
[BlackElo "2436"]
[WhiteTeam "ESP"]
[BlackTeam "IND"]
[WhiteClock "0:00:08"]
[BlackClock "0:00:03"]

1. Nf3 g6 2. d4 Nf6 3. c4 Bg7 4. Nc3 d5 5. cxd5 Nxd5 6. Bd2 Nb6 7. e4 O-O 8. h3 Be6 9. d5 Bd7 10. a4 c6 11. a5 Nc8 12. Bd3 cxd5 13. exd5 e6 14. O-O exd5 15. Bg5 f6 16. Bf4 Be6 17. Nb5 Na6 18. Nbd4 Bf7 19. Re1 Nc5 20. b4 Nxd3 21. Qxd3 Nd6 22. Ne6 Bxe6 23. Rxe6 Nc4 24. Rd1 Kf7 25. Re2 b6 26. Qxd5+ Qxd5 27. Rxd5 Rfd8 28. Rxd8 Rxd8 29. axb6 axb6 30. Rc2 b5 31. Ra2 Bf8 32. Ra7+ Ke6 33. Rb7 g5 34. Bg3 Na3 35. Rb6+ Kf5 36. Bc7 Rd7 37. Rc6 Bxb4 38. g4+ Ke4 39. Kg2 Nc4 40. Bb8 Bd6 41. Bxd6 Rxd6 42. Rc5 Rd5 43. Rc6 Nd6 44. Rb6 Kd3 45. h4 Kc4 46. hxg5 fxg5 47. Kg3 Kc5 48. Rb8 Rd3 49. Kg2 Ne4 50. Ne5 Rd2 51. Rf8 Kd5 52. Nf3 Rxf2+ 53. Kg1 b4 54. Rd8+ Kc4 55. Nxg5 Rf4 56. Ne6 Rxg4+ 57. Kh2 b3 58. Rc8+ Kd3 59. Rb8 Kc2 60. Nd4+ Kc3 61. Nxb3 Rh4+ 62. Kg2 Ng5 63. Nc5 Rb4 64. Rc8 Rc4 65. Rc7 Kd4 66. Na6 Rxc7 67. Nxc7 Ke5 68. Nb5 Ne6 69. Nc3 Kd4 70. Ne2+ Ke3 71. Ng3 Kf4 72. Kh3 Kg5 73. Ne4+ Kg6 74. Nf2 Ng5+ 75. Kg4 h5+ 76. Kf4 Ne6+ 77. Kg3 Kg5 78. Nh3+ Kf5 79. Kh4 Ng7 80. Nf2 Kg6 81. Ne4 Nf5+ 82. Kh3 Kh6 83. Ng3 h4 84. Nxf5+ Kg5 85. Ne3 Kf4 86. Ng2+ Kf3 87. Nxh4+ 1/2-1/2

[Event "January 9 Early 2024"]
[Site "https://www.chess.com"]
[Date "2024.01.11"]
[Round "3"]
[White "Aronian, Levon"]
[Black "Rustemov, Alexander"]
[Result "1/2-1/2"]
[Board "320"]
[TimeControl "180+1"]
[WhiteFideId "13300474"]
[BlackFideId "4119002"]
[WhiteElo "3088"]
[BlackElo "2803"]
[WhiteTeam "USA"]
[BlackTeam "RUS"]
[WhiteClock "0:00:04"]
[BlackClock "0:00:04"]

1. e4 e6 2. d4 d5 3. Nc3 dxe4 4. Nxe4 Bd7 5. Nf3 Bc6 6. Bd3 Nd7 7. O-O Ngf6 8. Nxf6+ Qxf6 9. Be2 Bd6 10. c4 Be4 11. Ng5 Bf5 12. Bf3 c6 13. Re1 O-O 14. Ne4 Bxe4 15. Bxe4 Bf4 16. Bxf4 Qxf4 17. g3 Qd6 18. Qb3 Rab8 19. Rad1 Nf6 20. Bf3 Rfd8 21. Kg2 h6 22. h4 Rd7 23. a3 Rbd8 24. Qe3 a5 25. Rd3 c5 26. Red1 cxd4 27. Rxd4 Qc7 28. b4 axb4 29. axb4 b6 30. c5 bxc5 31. bxc5 Rxd4 32. Rxd4 Rxd4 33. Qxd4 Kf8 34. c6 Ne8 35. g4 Qd6 36. Qb2 Ke7 37. Qc3 f6 38. Qc2 Nc7 39. Qh7 Kf8 40. Qh8+ Kf7 41. g5 fxg5 42. hxg5 hxg5 43. Qh5+ Kf8 44. Qxg5 Qe7 45. Qf4+ Qf7 46. Qb4+ Qe7 47. Qb8+ Kf7 48. Bh5+ g6 49. Bg4 Nd5 50. Qe5 Qf6 51. Qd6 Qe7 52. Qh2 Qc7 53. Qh7+ Kf6 54. Qh8+ Kf7 55. Qa8 Ne7 56. Bf3 Kf6 57. Qf8+ Ke5 58. Qg7+ Kd6 59. Qf8 Ke5 60. Qh6 Kd6 61. Qh2+ e5 62. Qh8 Nxc6 63. Qf6+ Kc5 64. Qxg6 Qd6 65. Qe8 Nd4 66. Be4 Kb4 67. Qc8 Qc5 68. Qb7+ Kc3 69. Qb1 Nb5 70. Qc2+ Kb4 71. Qb2+ Ka5 72. Qa2+ Kb6 73. Qe6+ Ka5 74. Bd3 Kb4 75. Qg4+ Nd4 76. Qd1 Ka5 77. Qe1+ Kb6 78. Be4 Kc7 79. Qe3 Qd6 80. Qc3+ Kd7 81. Qh3+ Qe6 82. Qh7+ Kd6 83. Qh8 Qe7 84. Qb8+ Qc7 85. Qb4+ Qc5 86. Qa4 Qc7 87. Qa6+ Ke7 88. Qg6 Qd6 89. Qg5+ Kd7 90. Qg4+ Kc7 91. Qg7+ Kb6 92. Kg3 Qc5 93. Kg4 Ka5 94. Qd7 Nb5 95. f3 Kb4 96. Qd2+ Qc3 97. Qd5 Qc5 98. Qd2+ Qc3 99. Qg5 Qc5 100. Kf5 Nd6+ 101. Ke6 Nc4 102. Qe7 Qxe7+ 103. Kxe7 Kc5 104. Ke6 Kd4 105. Kf5 Nd2 106. Bc6 Nxf3 107. Bxf3 e4 108. Bxe4 1/2-1/2

[Event "January 9 Early 2024"]
[Site "https://www.chess.com"]
[Date "2024.01.11"]
[Round "3"]
[White "Przybylski, Wojciech"]
[Black "Finek, Vaclav"]
[Result "1/2-1/2"]
[Board "321"]
[TimeControl "180+1"]
[WhiteFideId "1117599"]
[BlackFideId "23718293"]
[WhiteElo "2557"]
[BlackElo "2824"]
[WhiteTeam "POL"]
[BlackTeam "CZE"]
[WhiteClock "0:00:02"]
[BlackClock "0:00:12"]

1. d4 d5 2. g3 Nf6 3. Bg2 g6 4. Nf3 Bg7 5. O-O O-O 6. a4 c6 7. a5 Ne4 8. c3 Nd6 9. Nbd2 Nd7 10. Re1 Nf6 11. Ne5 Qc7 12. h3 h5 13. Kh2 Bf5 14. f3 Rae8 15. e4 dxe4 16. fxe4 Bc8 17. Nd3 Nh7 18. e5 Nf5 19. Ne4 b6 20. Bf4 Be6 21. axb6 axb6 22. Nb4 Kh8 23. Qd2 Rd8 24. Qf2 Bh6 25. h4 Bxf4 26. Qxf4 Kg7 27. Rf1 Nh6 28. Kg1 Ng4 29. Nf2 Nxf2 30. Rxf2 c5 31. Nc6 Rd5 32. Ra7 Qxc6 33. c4 Rxd4 34. Bxc6 Rxf4 35. Rxf4 g5 36. hxg5 Nxg5 37. Kh2 Rd8 38. Rf2 Bxc4 39. Rxe7 b5 40. e6 Bxe6 41. Bxb5 Rb8 42. Bd3 Rb4 43. Bf5 Bd5 44. Bb1 Nf3+ 45. Kh3 Ng5+ 46. Kh2 Nf3+ 47. Kh3 h4 48. g4 Rb3 49. Bf5 Ng5+ 50. Kxh4 Nf3+ 51. Kg3 Ng5+ 52. Kf4 Nh3+ 53. Ke5 Nxf2 54. Kxd5 Rxb2 55. Kxc5 Nh3 56. Kd4 Ng5 57. Kc3 Rf2 58. Rd7 Kf6 59. Kd3 Rf3+ 60. Ke2 Ra3 61. Rd6+ Ke5 62. Rb6 Kf4 63. Rb4+ Kg3 64. Rb7 Rc3 65. Kd2 Rc5 66. Rb3+ Kh4 67. Rb7 Re5 68. Kd3 Kg3 69. Rb8 Rd5+ 70. Kc4 Re5 71. Kd4 Re1 72. Rb7 Kf4 73. Kd3 Re3+ 74. Kd4 Nf3+ 75. Kd5 Re5+ 76. Kd6 Rxf5 77. gxf5 Kxf5 78. Rxf7+ Ke4 79. Re7+ Kd4 80. Rf7 Ke4 81. Rh7 Kf4 82. Rg7 Ke4 83. Ke6 Nd4+ 84. Kf6 Kf4 85. Rh7 Nf3 86. Ra7 Ke4 87. Ra4+ Nd4 88. Rb4 Kd5 89. Rb8 Ke4 90. Rd8 Nf3 91. Rd1 Nd4 92. Re1+ Kd5 93. Ke7 Nf5+ 94. Kd7 Nd4 95. Rd1 Ke5 96. Rd2 Kd5 97. Rh2 Ke5 98. Rh5+ Ke4 99. Kd6 Nf5+ 100. Kc5 Ke5 101. Rg5 Kf4 102. Rg8 Ke5 103. Ra8 Ke4 104. Re8+ Kf4 105. Kd5 Ne3+ 106. Kd4 Nf5+ 107. Kd3 Nd6 108. Re6 Nf5 109. Re8 Nd6 110. Re1 Nf5 111. Re6 Kf3 1/2-1/2

[Event "January 9 Early 2024"]
[Site "https://www.chess.com"]
[Date "2024.01.11"]
[Round "3"]
[White "Trost, Edvin"]
[Black "Leschinsky, Gary"]
[Result "1-0"]
[Board "322"]
[TimeControl "180+1"]
[WhiteFideId "1729519"]
[BlackFideId "30951321"]
[WhiteElo "2615"]
[BlackElo "2416"]
[WhiteTeam "SWE"]
[BlackTeam "USA"]
[WhiteClock "0:00:09"]
[BlackClock "0:00:05"]

1. e4 c5 2. Nf3 d6 3. d4 cxd4 4. Bb5+ Bd7 5. Bxd7+ Qxd7 6. O-O Nf6 7. Nxd4 Nc6 8. f3 g6 9. Be3 Bg7 10. c4 O-O 11. Nc3 a6 12. Qd3 Rfc8 13. b3 Rab8 14. Rac1 e6 15. Rfd1 d5 16. cxd5 exd5 17. Nxc6 bxc6 18. exd5 Nxd5 19. Nxd5 cxd5 20. Qxd5 Qe7 21. Bc5 Qe2 22. Rd2 Rxc5 23. Rxe2 Rxd5 24. g3 h5 25. Rc6 a5 26. Kg2 Rbd8 27. Rcc2 Ra8 28. Re4 Rd3 29. Ra4 Bc3 30. f4 Bb4 31. Kh3 Re8 32. a3 Be1 33. Rb2 Rb8 34. b4 axb4 35. axb4 Rd4 36. Ra1 Bxb4 37. Rab1 Kg7 38. Rb3 Kf6 39. R3b2 Ke7 40. Kh4 f6 41. Kh3 Kd6 42. Re2 Kd7 43. Reb2 Kc8 44. Rc2+ Kd8 45. Rc6 Rd6 46. Rxb4 Rxc6 47. Rxb8+ Ke7 48. Rb7+ Ke6 49. Rb5 f5 50. Rb7 Kf6 51. Rb2 Rd6 52. Rc2 Re6 53. Rd2 Rc6 54. Kh4 Re6 55. Rd8 Re7 56. Rf8+ Kg7 57. Rc8 Re2 58. h3 Re3 59. Rc6 Kf7 60. Rb6 Kg7 61. Rb2 Kf7 62. Rg2 Kg7 63. Kg5 Kf7 64. Rg1 Kg7 65. Kh4 Kf7 66. Rc1 Kg7 67. Rb1 Kf6 68. Rb7 Rd3 69. Ra7 Re3 70. Ra6+ Kf7 71. Ra8 Rd3 72. Rh8 Re3 73. Rh7+ Kf6 74. Rd7 Rc3 75. Rd6+ Kf7 76. Rb6 Re3 77. Ra6 Rf3 78. Rc6 Re3 79. Rd6 Rf3 80. Rd7+ Kf6 81. Rd8 Re3 82. Rf8+ Kg7 83. Rd8 Kf6 84. Rb8 Rd3 85. Rb6+ Kf7 86. Ra6 Re3 87. g4 hxg4 88. hxg4 fxg4 89. Kxg4 Re6 90. Ra7+ Kf6 91. Ra8 Re4 92. Rf8+ Kg7 93. Rc8 Rb4 94. Rc5 Rb6 95. Kg5 Rb7 96. Rc6 Rb5+ 97. Kg4 Rb7 98. Ra6 Rf7 99. Kg5 Rf5+ 100. Kg4 Kh6 101. Ra7 Rc5 102. Ra8 Rc1 103. Rh8+ Kg7 104. Rd8 Rg1+ 105. Kf3 Kf6 106. Rd6+ Kf7 107. Ra6 Rc1 108. Kg4 Rg1+ 109. Kh4 Rg2 110. Ra8 Ke6 111. Rf8 Rg1 112. Rg8 Kf5 113. Rf8+ Ke4 114. Kh3 Rf1 115. Kg3 Rg1+ 116. Kf2 Rg4 117. Rg8 Rxf4+ 118. Kg3 Rf6 119. Kg4 Ke5 120. Kg5 Rf5+ 121. Kxg6 Rf1 122. Re8+ Kd6 123. Ra8 Kc7 124. Ra3 Kb6 125. Rc3 Rg1+ 126. Kf5 Re1 127. Rd3 Kc5 128. Rd8 Kc6 129. Rc8+ Kd7 130. Rc2 Re3 131. Kf4 Re1 132. Kf3 Re5 133. Rc1 Re6 134. Kf4 Ke7 135. Kf5 Rf6+ 136. Kg5 Re6 137. Ra1 Re1 138. Rxe1+ 1-0

[Event "January 9 Early 2024"]
[Site "https://www.chess.com"]
[Date "2024.01.11"]
[Round "4"]
[White "Omelja, Artem"]
[Black "Aravindh, Chithambaram VR."]
[Result "0-1"]
[Board "1"]
[TimeControl "180+1"]
[WhiteFideId "14119846"]
[BlackFideId "5072786"]
[WhiteElo "2626"]
[BlackElo "2925"]
[WhiteTeam "UKR"]
[BlackTeam "IND"]
[WhiteClock "0:02:38"]
[BlackClock "0:02:36"]

1. e4 Nf6 2. e5 Nd5 3. d4 d6 4. c4 Nb6 5. exd6 cxd6 6. h3 g6 7. Nf3 Bg7 8. Be2 O-O 9. O-O Nc6 10. Nc3 Bf5 11. d5 Na5 12. Nd4 Naxc4 13. Nxf5 gxf5 14. a4 Ne5 15. Qb3 Nbd7 16. Qxb7 Rb8 17. Qxa7 Nc5 18. Nb5 Rb7 0-1